AoeStats
← Johannes Kepler

Nomad

503302417Analyzed
1v1 RM · 1mo ago on Aug 31, 2026· 57m 4s· 2 players
Game mode
Random Map
Map size
126×126
Population
200
Speed
Normal
Resources
Standard
Victory
Conquest
Starting age
Dark Age
Ending age
Imperial Age
RankedLock teamsTeams togetherTeam positionsShared explorationLock speedFull tech treeHidden civsTurbo modeCheats
Victory
Defeat
🇲🇽 Lithuanians · Mexico
915
+18
🇧🇷 Malay · Brazil
949
-18
JoseTezcaltlipoca
2:51 Loom
17:52 Feudal Age
18:28 Double-Bit Axe
19:23 Wheelbarrow
18:33 Town Watch
19:00 Fishing Lines
23:39 Castle Age
21:52 Forging
21:48 Scale Barding Armor
23:25 Gold Mining
23:25 Stone Mining
24:31 Medium Warships
26:59 Gillnets
27:48 Demolition Ship
28:41 Husbandry
29:32 Hand Cart
29:18 Town Patrol
30:15 Chain Barding Armor
29:56 Scale Mail Armor
30:44 Stone Shaft Mining
33:49 Man-at-Arms
33:50 Pikeman
34:31 Squires
34:16 Arson
34:52 Long Swordsman
36:10 Iron Casting
35:50 Chain Mail Armor
48:44 Imperial Age
49:58 Conscription
49:34 Elite Leitis
51:01 Plate Barding Armor
50:06 Two-Handed Swordsman
51:09 Cavalier
52:09 Capped Ram
55:31 Murder Holes
Johannes Kepler
11:06 Loom
14:22 Feudal Age
12:39 Loom
14:27 Feudal Age
14:35 Double-Bit Axe
19:26 Gold Mining
20:55 Fletching
21:20 Forging
20:50 Man-at-Arms
26:36 Castle Age
26:35 Pikeman
27:54 Iron Casting
29:47 Arson
30:04 Squires
33:35 Horse Collar
38:57 Bow Saw
48:28 Scale Barding Armor
54:33 Imperial Age
52:58 Husbandry
Connection lost

Rejoining the realm…

Still unreachable

The connection could not be restored.

Session expired

The server has moved on; the page needs a fresh start.